 Dungeon Crawl Stone Soup version 0.24-a0-809-g71cb82dfb8 (webtiles) character file.

Game seed: 18293914265549115509, levelgen mode: deterministic

9795 HumanIsDead the Spear-Bearer (level 11, -2/86 HPs)
             Began as a Human Wanderer on Oct 11, 2019.
             Was a High Priest of Kikubaaqudgha.
             Slain by a cyclops (27 damage)
             ... on level 10 of the Dungeon.
             The game lasted 00:57:28 (16196 turns).

HumanIsDead the Spear-Bearer (Human Wanderer)      Turns: 16196, Time: 00:57:29

Health: -2/86      AC:  7    Str: 14    XL:     11   Next: 81%
Magic:  0/11       EV: 17    Int: 15    God:    Kikubaaqudgha [*****.]
Gold:   576        SH:  0    Dex: 17    Spells: 6/10 levels left

rFire    . . .     SeeInvis +   A - +2 trident (venom)
rCold    + . .     Gourm    .   (no shield)
rNeg     . . .     Faith    .   L - +0 leather armour {MR+}
rPois    +         Spirit   +   M - +2 helmet {SInv}
rElec    +         Reflect  .   s - scarf {Spirit}
rCorr    +         Harm     .   l - +0 pair of gloves
MR       +....                  (no boots)
Stlth    ++........             (no amulet)
HPRegen  0.24/turn              T - ring of Tunukhy {rElec rPois rC+ Str+2 Stlth-}
MPRegen  0.12/turn              S - ring "Zekigin" {rCorr Dex+3 Stlth+}

@: drained
A: no striking features
a: Receive Corpses, Torment, Renounce Religion


You were on level 10 of the Dungeon.
You worshipped Kikubaaqudgha.
Kikubaaqudgha was extremely pleased with you.
You were not hungry.

You visited 2 branches of the dungeon, and saw 12 of its levels.
You also visited: Sewer.

You collected 576 gold pieces.

Inventory:

Hand Weapons
 k - a cursed -3 dagger
 A - a +2 trident of venom (weapon)
 P - a +0 hunting sling
 Q - a +0 quarterstaff of pain
Missiles
 t - 254 stones
 y - 32 poisoned darts (quivered)
Armour
 e - a +1 leather armour of cold resistance
 l - a +0 pair of gloves (worn)
 s - a scarf of spirit shield (worn)
 I - a +1 scale mail of poison resistance
 L - a +0 leather armour of magic resistance (worn)
 M - a +2 helmet of see invisible (worn)
Jewellery
 r - an uncursed ring of protection from fire
 w - the ring "Gothete" {Str+5 Dex+5}
   (You took it off an orc on level 9 of the Dungeon)

   [ring of dexterity]

   It affects your strength (+5).
   It affects your dexterity (+5).
 F - an uncursed ring of flight
 S - the ring "Zekigin" (right hand) {rCorr Dex+3 Stlth+}
   (You took it off an orc wizard on level 9 of the Dungeon)

   [ring of resist corrosion]

   It affects your dexterity (+3).
   It provides partial protection from all sources of acid and corrosion.
   It makes you more stealthy.
 T - the ring of Tunukhy (left hand) {rElec rPois rC+ Str+2 Stlth-}
   (You took it off an orc wizard on level 9 of the Dungeon)

   [ring of attention]

   It affects your strength (+2).
   It protects you from cold.
   It insulates you from electricity.
   It protects you from poison.
   It makes you less stealthy.
 U - an uncursed ring of wizardry {unknown}
Wands
 D - a wand of flame (21)
 K - a wand of iceblast (12)
Scrolls
 c - 7 scrolls of teleportation
 g - a scroll of immolation
 o - a scroll of brand weapon {unknown}
 p - a scroll of enchant armour {unknown}
 v - a scroll of amnesia {unknown}
 z - 6 scrolls of magic mapping
 B - 3 scrolls of remove curse
 C - 2 scrolls of fear {unknown}
 G - 3 scrolls of fog {unknown}
 H - 2 scrolls of blinking {unknown}
Potions
 b - 7 potions of heal wounds
 d - 9 potions of curing
 i - 4 potions of degeneration
 j - 3 potions of magic
 m - a potion of might
 n - a potion of invisibility
 u - 2 potions of agility
 x - 4 potions of ambrosia
 E - 2 potions of haste
 N - a potion of brilliance
 O - 2 potions of lignification
 R - a potion of mutation
Comestibles
 f - 8 rations


   Skills:
 - Level 8.0(6.9) Fighting
   Level 2.0(1.1) Long Blades
   Level 0.9(0.1) Maces & Flails
 * Level 11.3(10.1) Polearms
 + Level 9.2(8.1) Dodging
 - Level 4.0(3.0) Stealth
 + Level 6.4(5.4) Necromancy
 - Level 1.0(0.1) Evocations


You had 6 spell levels left.
You knew the following spells:

 Your Spells              Type           Power        Failure   Level  Hunger
a - Animate Skeleton      Necr           N/A          3%          1    ##.....
b - Regeneration          Chrm/Necr      #.........   34%         3    ####...

Your spell library contained the following spells:

 Spells                   Type           Power        Failure   Level  Hunger
 Pain                     Necr           ###.         3%          1    ##.....
 Sublimation of Blood     Necr           ###.......   6%          2    ###....
 Sandblast                Erth           #.....       34%         1    ##.....
 Animate Dead             Necr           N/A          36%         4    #####..
 Passwall                 Tmut/Erth      #.......     45%         2    ###....
 Stone Arrow              Conj/Erth      #.....       71%         3    ####...
 Dispel Undead            Necr           ###.....     71%         5    ######.
 Bolt of Draining         Conj/Necr      #.........   97%         5    ######.
 Excruciating Wounds      Chrm/Necr      #.........   97%         5    ######.
 Petrify                  Tmut/Erth      #.......     98%         4    #####..
 Death Channel            Necr           ###.......   99%         6    #######
 Lee's Rapid Deconstruct  Erth           #.........   100%        5    ######.


Dungeon Overview and Level Annotations

Branches:
Dungeon (11/15)            Temple (1/1) D:5           Sewer (visited)
   Lair: D:8-11         Orc: D:9-12

Altars:
Ashenzari
Cheibriados
Dithmenos
Elyvilon
Fedhas
Gozag
Hepliaklqana
Kikubaaqudgha
Makhleb
Nemelex Xobeh
Okawaru
Qazlal
Ru
Sif Muna
Trog
Uskayaw
Vehumet
Wu Jian
Xom
Yredelemnul
Zin
The Shining One

Shops:
D:6 *   D:7 =   D:10 %   D:11 !

Annotations:
D:3 2 transporters
D:6 1 runed translucent door, ViolentOr's ghost, novice MfAK


Message History

The tengu conjurer is heavily wounded.
The tengu conjurer barely misses you. The tengu conjurer pecks you.
The tengu conjurer barely misses you.
You miss the tengu conjurer.
The tengu conjurer is heavily wounded.
You barely miss the tengu conjurer.
The tengu conjurer is heavily wounded.
The tengu conjurer closely misses you.
The tengu conjurer completely misses you.
The tengu conjurer claws you but does no damage.
You puncture the tengu conjurer!
The tengu conjurer looks as sick as possible!
The tengu conjurer is almost dead.
You kill the tengu conjurer!
Kikubaaqudgha accepts your kill.
The cyclops throws a large rock.
The large rock hits you!!!
* * * LOW HITPOINT WARNING * * *
The cyclops hits you!!
You die...
Kikubaaqudgha rasps: "You have failed me!
Welcome... death!"

#...(..#..##..#
#.....)##..#..##
#......##..##..#
#.†.##<###..#..##
#.#.##)#}#..##..#
#.#.#..#.##..#..##
#.#.#.##..#..##..#
...... #..##..#..#
......
#.C@(..##...
....... ########
...# ....... .....
....... ......
..?.?.. ##(....
#####


You could see a cyclops.

Vanquished Creatures
  A two-headed ogre (D:8)
  An unseen horror (D:10)
  A manticore (D:9)
  A centaur zombie (D:10)
  Joseph (D:7)
  A tengu conjurer (D:10)
  2 hornets
  2 trolls (D:9)
  2 hippogriffs
  A water moccasin (D:9)
  6 orc warriors
  3 ice beasts
  2 sky beasts
  A black bear (D:6)
  8 ogres
  A necrophage (D:9)
  3 phantoms
  4 centaurs
  A crocodile (D:8)
  3 big kobolds (D:8)
  A gnoll sergeant (D:6)
  Blork the orc (D:6)
  10 bullfrogs
  4 scorpions
  A killer bee (D:9)
  7 wights
  A howler monkey (D:3)
  3 crimson imps
  6 jellies
  2 bullfrog zombies
  7 hounds
  4 orc priests
  9 orc wizards
  A bullfrog skeleton (D:9)
  A centaur skeleton (D:6)
  6 gnoll shamans (D:8)
  2 iguanas
  9 worker ants
  A worker ant zombie (D:9)
  20 adders
  24 gnolls
  5 river rats
  4 shadow imps
  3 oozes
  An adder zombie (D:8)
  2 adder skeletons
  4 worms
  3 dart slugs
  5 leopard geckos
  28 orcs
  11 ball pythons
  4 giant cockroaches
  5 goblins
  6 hobgoblins
  7 jackals
  10 kobolds
  4 quokkas
  3 bats
  7 frilled lizards
  A jackal skeleton (D:6)
  A leopard gecko zombie (D:5)
  30 rats
309 creatures vanquished.

Vanquished Creatures (others)
  6 fungi (D:8)
  3 plants (D:8)
9 creatures vanquished.

Grand Total: 318 creatures vanquished

Notes
Turn   | Place    | Note
-------+----------+-------------------------------------------
     0 | D:1      | HumanIsDead the Human Wanderer began the quest for the Orb.
     0 | D:1      | HumanIsDead set off with the following items: a +2 dagger,
                  | a potion of heal wounds, a scroll of teleportation, a
                  | potion of curing, a +0 robe, a ration
     0 | D:1      | Reached XP level 1. HP: 19/19 MP: 1/1
    76 | D:1      | Reached XP level 2. HP: 24/26 MP: 2/2
   202 | D:1      | You fall into a shaft and drop 1 floor!
   295 | D:2      | Reached XP level 3. HP: 21/31 MP: 3/3
  1156 | D:2      | Reached XP level 4. HP: 34/38 MP: 4/4
  1376 | D:2      | Found a bloodstained altar of Trog.
  1621 | D:3      | Reached skill level 5 in Fighting
  1981 | D:3      | Reached XP level 5. HP: 34/44 MP: 5/5
  2984 | D:3      | Reached XP level 6. HP: 9/52 MP: 6/6
  3590 | D:3      | Found a blossoming altar of Fedhas.
  3590 | D:3      | Found a transporter.
  3646 | D:3      | Found a transporter.
  5009 | D:4      | Reached XP level 7. HP: 15/59 MP: 4/7
  5770 | D:5      | Entered Level 5 of the Dungeon
  5850 | D:5      | Found a staircase to the Ecumenical Temple.
  5856 | Temple   | Entered the Ecumenical Temple
  5984 | Temple   | Became a worshipper of Kikubaaqudgha
  6164 | D:5      | Reached skill level 1 in Polearms
  6446 | D:5      | Reached XP level 8. HP: 65/67 MP: 6/8
  6668 | D:5      | Reached skill level 2 in Polearms
  7051 | D:5      | Found a sacrificial altar of Ru.
  7358 | D:6      | Reached skill level 3 in Polearms
  7443 | D:6      | Found a glowing drain.
  7451 | Sewer    | Entered a sewer
  7702 | Sewer    | Reached * piety under Kikubaaqudgha
  7702 | Sewer    | Identified Kikubaaqudgha's Volume of Necromancy
                  | (Kikubaaqudgha gifted it to you in a sewer)
  7702 | Sewer    | Received a gift from Kikubaaqudgha
  7733 | Sewer    | Reached skill level 5 in Dodging
  7738 | Sewer    | Learned a level 1 spell: Animate Skeleton
  7742 | Sewer    | Learned a level 3 spell: Regeneration
  8059 | Sewer    | Reached ** piety under Kikubaaqudgha
  8064 | Sewer    | Reached skill level 4 in Polearms
  8401 | D:6      | Reached XP level 9. HP: 60/73 MP: 9/9
  8417 | D:6      | Reached skill level 5 in Polearms
  8852 | D:6      | Found a runed translucent door.
  8852 | D:6      | Noticed ViolentOr's ghost (novice MfAK)
  8862 | D:6      | Found Gozag's Platinum Reserve.
  8862 | D:6      | Found an opulent altar of Gozag.
  9208 | D:6      | Noticed Blork the orc
  9501 | D:6      | Reached skill level 6 in Polearms
  9559 | D:6      | Killed Blork the orc
  9696 | D:6      | Got a wavering platinum amulet
 10075 | D:7      | Found Hoanu's Jewellery Emporium.
 10105 | D:7      | Reached *** piety under Kikubaaqudgha
 10105 | D:7      | Identified Kikubaaqudgha's Disquisition on Dark Rites
                  | (Kikubaaqudgha gifted it to you on level 7 of the Dungeon)
 10105 | D:7      | Received a gift from Kikubaaqudgha
 10630 | D:7      | Noticed Joseph
 10646 | D:7      | Killed Joseph
 10646 | D:7      | Reached skill level 7 in Polearms
 10646 | D:7      | Reached skill level 1 in Necromancy
 11398 | D:8      | Reached XP level 10. HP: 75/80 MP: 10/10
 11607 | D:8      | Reached skill level 8 in Polearms
 11974 | D:8      | Paralysed by a hornet for 2 turns
 12600 | D:8      | Reached skill level 9 in Polearms
 12662 | D:8      | Reached **** piety under Kikubaaqudgha
 12902 | D:8      | Identified the amulet of the Good {Inacc rN+} (You found it
                  | on level 6 of the Dungeon)
 13323 | D:9      | Found a burning altar of Makhleb.
 13838 | D:9      | Reached XP level 11. HP: 71/86 MP: 8/11
 14077 | D:9      | You fall into a shaft and drop 2 floors!
 14081 | D:11     | Found Jiri's Distillery.
 14100 | D:10     | Entered Level 10 of the Dungeon
 14100 | D:10     | Noticed an unseen horror
 14114 | D:10     | Killed an unseen horror
 14114 | D:10     | Reached skill level 10 in Polearms
 14114 | D:10     | Reached skill level 5 in Necromancy
 14268 | D:9      | Identified the ring "Gothete" {Str+5 Dex+5}
 14276 | D:9      | Identified the ring "Zekigin" {rCorr Dex+3 Stlth+}
 14294 | D:9      | Identified the ring of Tunukhy {rElec rPois rC+ Str+2
                  | Stlth-}
 14422 | D:9      | Noticed a manticore
 14423 | D:9      | Noticed a two-headed ogre
 14766 | D:9      | Killed a manticore
 14890 | D:8      | Killed a two-headed ogre
 15142 | D:9      | Reached skill level 11 in Polearms
 15875 | D:10     | Found Kuth's Food Shop.
 15883 | D:10     | Reached ***** piety under Kikubaaqudgha
 16184 | D:10     | Noticed a cyclops
 16196 | D:10     | Slain by a cyclops

Levels and vault maps discovered:
D:1:      minmay_arrival_widening_spiral_wide, layout_loops_ring
D:2:      layout_rooms, bloody_trog, serial_glass, glass_columns_a,
          glass_columns_a, glass_columns_c, glass_columns_b, glass_columns_b,
          glass_columns_c, glass_columns_a, glass_columns_c, first_ration,
          lemuel_another_geyser
D:3:      layout_basic, gammafunk_temple_overflow_arena
D:4:      layout_basic
D:5:      layout_gridville, minmay_temple_entry_hall, nicolae_ru_awakened_eye
D:6:      layout_rooms, nicolae_gozag_zags_fifth_avenue,
          lightli_sewer_entry_pipes, hellmonk_ghost_happy_afterlife,
          chequers_serial_rivers_large_a, uniq_blork_the_orc
D:7:      layout_layer_cave, serial_shops, shop, uniq_joseph
D:8:      kennysheep_seaside_town, layout_basic
D:9:      minmay_the_grid_octo_2x2 [minmay_the_grid_octo_empty,
          minmay_the_grid_octo_chip, minmay_the_grid_octo_odd_swirl,
          minmay_the_grid_octo_prize_ultimate_mussel_roller],
          layout_irregular_city, marbit_many_paths
D:10:     minmay_tri_box, layout_rooms, orc_0_dummy, serial_shops, shop,
          shop_scrolls, shop, shop, shop, grunt_ministairs_15
D:11:     layout_irregular_city, david_lair_shrubbed, serial_shops, shop,
          serial_column_ruins, column_ruins_columns_corner,
          column_ruins_columns_T, column_ruins_open_tiny
Temple:   compressed_dpeg_circular_temple

Skill      XL: |  1  2  3  4  5  6  7  8  9 10 11 |
---------------+----------------------------------+-----
Stealth        | 3 4 |  4.0
Fighting       | 5 6 7 8 |  8.0
Dodging        | 3 4 5 6 8 9 |  9.2
Polearms       | 1 4 7 9 11 | 11.3
Necromancy     | 2 4 6 |  6.4
Long Blades    | |  2.0
Maces & Flails | |  0.9
Evocations     | |  1.0

Action                   |  1- 3 |  4- 6 |  7- 9 | 10-12 || total
-------------------------+-------+-------+-------+-------++-------
Melee: Dagger            |    87 |   288 |     3 |       ||   378
       Flail             |       |     5 |       |       ||     5
       Trident           |       |       |   460 |   576 ||  1036
Throw: Dart              |       |     2 |    33 |     8 ||    43
  Use: Potion            |       |     2 |       |       ||     2
       Scroll            |       |     1 |     2 |    14 ||    17
 Stab: Sleeping          |     7 |     3 |    10 |    15 ||    35
  Eat: Chunk             |     1 |    12 |    10 |    17 ||    40
       Ration            |       |       |     3 |       ||     3
Armor: Robe              |     9 |    42 |    16 |       ||    67
       Leather armour    |       |       |    91 |    84 ||   175
Dodge: Dodged            |    52 |   186 |   355 |   346 ||   939

Table legend:
 A = Non-vault XP
 B = Vault XP
 C = Vault XP percentage of total XP
 D = Non-vault monster count
 E = Vault monster count
 F = Vault count percentage of total count
                 A         B        C        D         E       F
            +---------+---------+-------+---------+---------+-------
      Total |    7883 |    6110 |  43.7 |     208 |     101 |  32.7
            +---------+---------+-------+---------+---------+-------
        D:1 |      42 |       0 |   0.0 |      18 |       0 |   0.0
        D:2 |      91 |       0 |   0.0 |      21 |       0 |   0.0
        D:3 |     242 |       0 |   0.0 |      17 |       0 |   0.0
        D:4 |     336 |       0 |   0.0 |      10 |       0 |   0.0
        D:5 |     639 |       0 |   0.0 |      17 |       0 |   0.0
        D:6 |    1208 |     189 |  13.5 |      24 |      12 |  33.3
        D:7 |     349 |     430 |  55.2 |      16 |       1 |   5.9
        D:8 |    1837 |    2048 |  52.7 |      31 |      25 |  44.6
        D:9 |    2261 |    1575 |  41.1 |      34 |      12 |  26.1
       D:10 |     771 |    1549 |  66.8 |      19 |       3 |  13.6
       D:11 |     107 |       0 |   0.0 |       1 |       0 |   0.0
      Sewer |       0 |     319 | 100.0 |       0 |      48 | 100.0
            +---------+---------+-------+---------+---------+-------
